 Dungeon Crawl Stone Soup version 0.24-a0-584-g9d6b971 (webtiles) character file.

Game seed: 4129603077727415709, levelgen mode: deterministic

596 BRANGAR the Poker (level 7, -7/54 HPs)
             Began as a Purple Draconian Fighter on Sept 5, 2019.
             Was an Initiate of Hepliaklqana.
             Killed from afar by an electric eel (8 damage)
             ... with a bolt of electricity
             ... on level 4 of the Dungeon.
             The game lasted 00:10:23 (2054 turns).

BRANGAR the Poker (Purple Draconian Fighter)        Turns: 2054, Time: 00:10:23

Health: -7/54      AC: 11    Str: 20    XL:     7   Next: 17%
Magic:  7/7        EV: 11    Int:  8    God:    Hepliaklqana [......]
Gold:   198        SH:  9    Dex: 11    Spells: 6/6 levels left

rFire    . . .     SeeInvis .   a - +1 trident
rCold    . . .     Gourm    .   b - +0 shield
rNeg     . . .     Faith    .   (armour unavailable)
rPois    .         Spirit   .   (helmet restricted)
rElec    .         Reflect  .   (no cloak)
rCorr    .         Harm     .   (no gloves)
MR       +....                  e - +0 pair of boots
Stlth    ++........             (no amulet)
HPRegen  0.18/turn              g - +4 ring of protection
MPRegen  0.10/turn              (no ring)

@: no status effects
A: breathe power, unfitting armour, reduced essence, cold-blooded, AC +6
a: Breathe Dispelling Energy, Recall Ancestor, Ancestor Identity, Renounce
Religion


You were on level 4 of the Dungeon.
You worshipped Hepliaklqana.
Hepliaklqana was noncommittal.
You were not hungry.

You visited 2 branches of the dungeon, and saw 5 of its levels.

You collected 198 gold pieces.

Inventory:

Hand Weapons
 a - a +1 trident (weapon)
Armour
 b - a +0 shield (worn)
 e - a +0 pair of boots (worn)
Jewellery
 g - a +4 ring of protection (left hand)
Wands
 j - a wand of enslavement (8)
 m - a wand of flame (5)
Scrolls
 l - a scroll of teleportation {unknown}
Potions
 c - a potion of might
 f - a potion of agility
 h - a potion of curing {unknown}
 i - a potion of degeneration {unknown}
 k - a potion of brilliance {unknown}
Comestibles
 d - 5 rations


   Skills:
 + Level 4.5 Fighting
 + Level 5.7 Polearms
 + Level 4.1 Dodging
 + Level 1.2 Stealth
 + Level 4.0 Shields


You had 6 spell levels left.
You didn't know any spells.
Your spell library contained the following spells:

 Spells                   Type           Power        Failure   Level  Hunger
 Flame Tongue             Conj/Fire      #....        87%         1    ##.....
 Throw Flame              Conj/Fire      #.....       95%         2    ###....
 Conjure Flame            Conj/Fire      #.......     99%         3    ####...
 Inner Flame              Hex/Fire       #.......     99%         3    ####...
 Sticky Flame             Conj/Fire      #.......     100%        4    #####..
 Fireball                 Conj/Fire      #.........   100%        5    ######.


Dungeon Overview and Level Annotations

Branches:
Dungeon (4/15)             Temple (1/1) D:4

Altars:
Gozag
Hepliaklqana
Makhleb
Trog
Beogh

Annotations:
D:4 1 transporter


Innate Abilities, Weirdness & Mutations

You can breathe bolts of dispelling energy.
Your rich purple scales are hard. (AC +6)
You cannot fit into any form of body armour.
You are cold-blooded and may be slowed by cold attacks.
Your life essence is reduced to manifest your ancestor. (-10% HP)


Message History

m - a wand of flame (5)
You open the door.
There is an open door here.
The electric eel shoots out a bolt of lightning at you!
The bolt of electricity hits you!
The bolt of electricity hits Henutemipet!
The electric eel shoots out a bolt of lightning at you!
The bolt of electricity hits you!
You swap places.
The electric eel shoots out a bolt of lightning at you!
The bolt of electricity hits you! x2
* * * LOW HITPOINT WARNING * * *
The bolt of electricity hits the plant!
The electric eel shoots out a bolt of lightning at you!
The bolt of electricity hits Henutemipet!
The bolt of electricity hits you!
* * * LOW HITPOINT WARNING * * *
The electric eel shoots out a bolt of lightning at you!
The bolt of electricity hits you!
You die...

#### ...
#.#####.########
#.#.............
#.#.###############.#. .
#.#.#8P#≈≈≈≈≈≈≈#P8#..###
#...#..#..≈≈≈P≈#..#.....
#..©#©.@.R;♣≈≈≈+)©#©..#
##..#..#..;≈≈≈≈#..#..###
##.#8P#;≈≈≈≈≈≈#P8#.....
#.###############.#
#.................#
#################.#
#.#### #..... #.#.##


You could see the friendly Henutemipet the ancestor and 3 electric eels.

Vanquished Creatures
  A phantom (D:3)
  The ghost of Jannitor the Chiller, a weakling DsWn (D:3)
  A hound (D:4)
  An orc priest (D:4)
  2 orc wizards
  A bullfrog skeleton (D:4)
  2 worker ants
  4 gnolls (D:3)
  5 adders
  3 worms (D:3)
  A dart slug (D:2)
  3 leopard geckos
  13 orcs
  3 bats (D:3)
  3 giant cockroaches
  3 goblins (D:2)
  2 hobgoblins
  5 jackals
  4 kobolds
  3 quokkas
  4 frilled lizards
  5 rats
70 creatures vanquished.

Vanquished Creatures (collateral kills)
  An ogre (D:4)
  An adder (D:4)
  2 oozes (D:4)
  2 orcs (D:4)
6 creatures vanquished.

Grand Total: 76 creatures vanquished

Notes
Turn   | Place    | Note
-------+----------+-------------------------------------------
     0 | D:1      | BRANGAR the Draconian Fighter began the quest for the Orb.
     0 | D:1      | Reached XP level 1. HP: 19/19 MP: 1/1
   263 | D:2      | Found an opulent altar of Gozag.
   315 | D:2      | Reached XP level 2. HP: 18/26 MP: 2/2
   405 | D:2      | Reached XP level 3. HP: 31/33 MP: 3/3
   449 | D:3      | Reached XP level 4. HP: 6/40 MP: 4/4
   732 | D:3      | Reached skill level 3 in Polearms
   964 | D:3      | Reached XP level 5. HP: 46/46 MP: 5/5
   971 | D:3      | Found a runed translucent door.
   974 | D:3      | Noticed Jannitor's ghost (weakling DsWn)
   998 | D:3      | Killed Jannitor's ghost
   998 | D:3      | Reached skill level 4 in Polearms
  1298 | D:3      | Noticed a phantom
  1331 | D:3      | Killed a phantom
  1331 | D:3      | Reached XP level 6. HP: 50/52 MP: 6/6
  1467 | D:4      | Found a staircase to the Ecumenical Temple.
  1511 | Temple   | Entered the Ecumenical Temple
  1528 | Temple   | Became a worshipper of Hepliaklqana the Forgotten
  1596 | D:4      | Reached skill level 5 in Polearms
  1606 | D:4      | Reached skill level 1 in Stealth
  1828 | D:4      | Your scales start taking on a rich purple colour.
  1828 | D:4      | Reached XP level 7. HP: 54/54 MP: 7/7
  1871 | D:4      | Found a roughly hewn altar of Beogh.
  2022 | D:4      | Found a transporter.
  2036 | D:4      | Found a transporter.
  2054 | D:4      | HP: 1/54 [electric eel/bolt of electricity (13)]
  2054 | D:4      | Killed from afar by an electric eel

Levels and vault maps discovered:
D:1:      dpeg_arrival_windows_large_door, layout_loops_corners, serial_bayou,
          serial_bayou_lagoon_a, serial_bayou_pond_c, serial_bayou_lake_a,
          serial_bayou_pond_a, st_stairs_7
D:2:      layout_rooms, nicolae_gozag_seed_capital
D:3:      layout_loops_ring, ebering_ghost_reflecting_pool
D:4:      gammafunk_steamed_eel, layout_loops_ring, minmay_temple_entry_mist,
          first_ration, kennysheep_orc_chapel
Temple:   hc_temple_tempest_star

Skill      XL: |  1  2  3  4  5  6  7 |
---------------+----------------------+-----
Dodging        | 3 4 |  4.1
Polearms       | 3 4 5 |  5.7
Fighting       | 4 |  4.5
Stealth        | 1 |  1.2
Shields        | 4 |  4.0

Action                   |  1- 3 |  4- 6 |  7- 9 || total
-------------------------+-------+-------+-------++-------
Melee: Trident           |    94 |   182 |    21 ||   297
       Tailslap          |     4 |    22 |     1 ||    27
  Use: Potion            |     1 |     3 |       ||     4
       Scroll            |       |     4 |       ||     4
 Stab: Sleeping          |       |     1 |     1 ||     2
       Distracted        |       |     1 |       ||     1
  Eat: Ration            |       |     1 |     1 ||     2
Armor: Skin              |    20 |    47 |       ||    67
Dodge: Dodged            |    27 |    57 |     5 ||    89
Block: Shield            |    42 |    56 |    11 ||   109

Table legend:
 A = Non-vault XP
 B = Vault XP
 C = Vault XP percentage of total XP
 D = Non-vault monster count
 E = Vault monster count
 F = Vault count percentage of total count
                 A         B        C        D         E       F
            +---------+---------+-------+---------+---------+-------
      Total |     740 |     112 |  13.1 |      70 |       6 |   7.9
            +---------+---------+-------+---------+---------+-------
        D:1 |       4 |       0 |   0.0 |       3 |       0 |   0.0
        D:2 |      44 |       0 |   0.0 |      16 |       0 |   0.0
        D:3 |     338 |      60 |  15.1 |      29 |       1 |   3.3
        D:4 |     354 |      52 |  12.8 |      22 |       5 |  18.5
            +---------+---------+-------+---------+---------+-------
